% Time on Ice - KELOWNA ROCKETS
Lines # - Real PCT - Wanted PCT - Time Play
Normal Forward
1 - 34% - 36% - 18:57
2 - 34% - 36% - 19:16
3 - 25% - 28% - 13:59
4 - 7% - 0% - 3:50
Normal Defense
1 - 36% - 37% - 20:27
2 - 35% - 35% - 19:42
3 - 28% - 28% - 15:53
4 - 0% - 0% - 0:00
PP Forward
1 - 60% - 60% - 2:23
2 - 40% - 40% - 1:35
PP Defense
1 - 63% - 65% - 2:31
2 - 37% - 35% - 1:27
PK Forward
1 - 0% - 65%
2 - 0% - 35%
PK Defense
1 - 0% - 55%
2 - 0% - 45%
PK3 Forward
1 - 0% - 60%
2 - 0% - 40%
PK3 Defense
1 - 0% - 55%
2 - 0% - 45%
44 Forward
1 - 0% - 55%
2 - 0% - 45%
44 Defense
1 - 0% - 55%
2 - 0% - 45%
Last Minute Offensive  - 0:00
Last Minute Defensive  - 0:00
Total
Forward - 60:00
Defense - 60:00
% Time on Ice - SAN DIEGO THUNDER
Lines # - Real PCT - Wanted PCT - Time Play
Normal Forward
1 - 32% - 34% - 18:10
2 - 34% - 33% - 19:14
3 - 23% - 23% - 13:10
4 - 10% - 10% - 5:28
Normal Defense
1 - 32% - 36% - 18:06
2 - 33% - 31% - 18:34
3 - 28% - 23% - 15:41
4 - 7% - 10% - 3:41
PP Forward
1 - 0% - 55%
2 - 0% - 45%
PP Defense
1 - 0% - 55%
2 - 0% - 45%
PK Forward
1 - 65% - 55% - 2:35
2 - 35% - 45% - 1:23
PK Defense
1 - 53% - 55% - 2:06
2 - 47% - 45% - 1:52
PK3 Forward
1 - 0% - 55%
2 - 0% - 45%
PK3 Defense
1 - 0% - 55%
2 - 0% - 45%
44 Forward
1 - 0% - 55%
2 - 0% - 45%
44 Defense
1 - 0% - 55%
2 - 0% - 45%
Last Minute Offensive  - 0:00
Last Minute Defensive  - 0:00
Total
Forward - 60:00
Defense - 60:00
Play-by-Play 1st period 0:01 of 1st period - Auston Matthews wins face-off versus Drake Batherson in neutral zone. 0:44 of 1st period - Charles McAvoy is hit by Pavel Buchnevich and loses puck. 0:50 of 1st period - Icing by Charles McAvoy. 0:51 of 1st period - J.T. Compher wins face-off versus Drake Batherson in SAN DIEGO THUNDER zone. 1:30 of 1st period - Shot by Wyatt Johnston. 1:30 of 1st period - Stopped by Alex Stalock without a rebound. 1:31 of 1st period - Isac Lundestrom wins face-off versus Derek Ryan in KELOWNA ROCKETS zone. 1:40 of 1st period - Adam Boqvist is hit by Parker Kelly and loses puck. 2:34 of 1st period - Icing by Derek Forbort. 2:35 of 1st period - J.T. Compher wins face-off versus Wyatt Johnston in SAN DIEGO THUNDER zone. 3:09 of 1st period - Shot by Wyatt Johnston. 3:09 of 1st period - Deflect By Joel Farabee. 3:09 of 1st period - Shot Misses the Net. 3:34 of 1st period - Shot by Drake Batherson. 3:34 of 1st period - Shot Misses the Net. 3:50 of 1st period - Drake Batherson is hit by Tyler Bertuzzi and loses puck. 4:53 of 1st period - Shot by Pavel Buchnevich. 4:53 of 1st period - Shot Misses the Net. 4:55 of 1st period - Shot by Valeri Nichushkin. 4:55 of 1st period - Stopped by Connor Hellebuyck without a rebound. 4:56 of 1st period - Wyatt Johnston wins face-off versus Derek Ryan in SAN DIEGO THUNDER zone. 5:07 of 1st period - Shot by Joel Farabee. 5:07 of 1st period - Shot Misses the Net. 5:27 of 1st period - Luke Kunin is hit by Kyle Burroughs and loses puck. 6:15 of 1st period - Shot by Noah Gregor. 6:15 of 1st period - Shot Misses the Net. 6:17 of 1st period - Shot by Adam Fox. 6:17 of 1st period - Stopped by Connor Hellebuyck without a rebound. 6:18 of 1st period - Evander Kane wins face-off versus Auston Matthews in SAN DIEGO THUNDER zone. 6:35 of 1st period - Shot by Valeri Nichushkin. 6:35 of 1st period - Stopped by Connor Hellebuyck without a rebound. 6:36 of 1st period - Isac Lundestrom wins face-off versus J.T. Compher in SAN DIEGO THUNDER zone. 6:58 of 1st period - Icing by Adam Boqvist. 6:59 of 1st period - Auston Matthews wins face-off versus Filip Zadina in SAN DIEGO THUNDER zone. 7:17 of 1st period - Minor Penalty to Alexandre Carrier for High sticking. 7:18 of 1st period - Drake Batherson wins face-off versus Calle Jarnkrok in SAN DIEGO THUNDER zone. 7:45 of 1st period - Shot by Adam Fox. 7:45 of 1st period - Stopped by Connor Hellebuyck without a rebound. 7:46 of 1st period - Auston Matthews wins face-off versus Frank Vatrano in SAN DIEGO THUNDER zone. 8:56 of 1st period - Shot by Adam Fox. 8:56 of 1st period - Shot Hit the Post. 8:58 of 1st period - Shot by J.T. Compher. 8:58 of 1st period - Stopped by Connor Hellebuyck without a rebound. 8:59 of 1st period - J.T. Compher wins face-off versus Drake Batherson in SAN DIEGO THUNDER zone. 9:11 of 1st period - Off-side. 9:12 of 1st period - Auston Matthews wins face-off versus Frank Vatrano in neutral zone. 9:15 of 1st period - Shot by Adam Fox. 9:15 of 1st period - Shot Misses the Net. 9:35 of 1st period - Shot by Noah Gregor. 9:35 of 1st period - Shot Blocked by Alexandre Carrier. 9:37 of 1st period - Shot by Lukas Sedlak. 9:37 of 1st period - Shot Misses the Net. 9:54 of 1st period - Shot by Luke Kunin. 9:54 of 1st period - Shot Misses the Net. 10:16 of 1st period - Shot by Valeri Nichushkin. 10:16 of 1st period - Stopped by Connor Hellebuyck with a rebound. 10:34 of 1st period - Pavel Buchnevich is hit by Evander Kane and loses puck. 12:08 of 1st period - Icing by Vladimir Tarasenko. 12:09 of 1st period - Aliaksei Protas wins face-off versus J.T. Compher in KELOWNA ROCKETS zone. 12:16 of 1st period - Shot by Charles McAvoy. 12:16 of 1st period - Stopped by Alex Stalock without a rebound. 12:17 of 1st period - Wyatt Johnston wins face-off versus Derek Ryan in KELOWNA ROCKETS zone. 12:28 of 1st period - Shot by Luke Kunin. 12:28 of 1st period - Stopped by Alex Stalock without a rebound. 12:29 of 1st period - Drake Batherson wins face-off versus Noah Gregor in KELOWNA ROCKETS zone. 12:31 of 1st period - Frank Vatrano is hit by Adam Fox and loses puck. 13:12 of 1st period - Shot by Frank Vatrano. 13:12 of 1st period - Shot Blocked by Adam Fox. 13:31 of 1st period - Icing by Connor Murphy. 13:32 of 1st period - Derek Ryan wins face-off versus Wyatt Johnston in SAN DIEGO THUNDER zone. 14:18 of 1st period - Icing by Dmitri Orlov. 14:19 of 1st period - Derek Ryan wins face-off versus Drake Batherson in KELOWNA ROCKETS zone. 14:58 of 1st period - Shot by Vladimir Tarasenko. 14:58 of 1st period - Shot Blocked by Adam Boqvist. 15:00 of 1st period - Shot by Vladimir Tarasenko. 15:00 of 1st period - Shot Misses the Net. 16:31 of 1st period - Icing by Erik Cernak. 16:32 of 1st period - J.T. Compher wins face-off versus Isac Lundestrom in SAN DIEGO THUNDER zone. 17:09 of 1st period - Shot by Luke Kunin. 17:09 of 1st period - Deflect By Joel Farabee. 17:09 of 1st period - Shot Misses the Net. 17:11 of 1st period - Shot by Luke Kunin. 17:11 of 1st period - Deflect By Wyatt Johnston. 17:11 of 1st period - Shot Misses the Net. 18:18 of 1st period - Shot by Evander Kane. 18:18 of 1st period - Shot Blocked by Calle Jarnkrok. 18:30 of 1st period - Calle Jarnkrok is hit by Evander Kane. 18:31 of 1st period - Minor Penalty to Evander Kane for High sticking. 18:32 of 1st period - Auston Matthews wins face-off versus Drake Batherson in SAN DIEGO THUNDER zone. 18:41 of 1st period - Shot by Auston Matthews. 18:41 of 1st period - Shot Blocked by Charles McAvoy. 18:43 of 1st period - Shot by Adam Fox. 18:43 of 1st period - Stopped by Connor Hellebuyck with a rebound. 18:45 of 1st period - Shot by Auston Matthews. 18:45 of 1st period - Deflect By Pavel Buchnevich. 18:45 of 1st period - Shot Blocked by Charles McAvoy. 18:51 of 1st period - Shot by Adam Fox. 18:51 of 1st period - Stopped by Connor Hellebuyck without a rebound. 18:52 of 1st period - J.T. Compher wins face-off versus Frank Vatrano in SAN DIEGO THUNDER zone. 19:21 of 1st period - Shot by Adam Fox. 19:21 of 1st period - Shot Misses the Net. 19:55 of 1st period - Shot by Vladimir Tarasenko. 19:55 of 1st period - Shot Misses the Net. Goals for this period are 0 for KELOWNA ROCKETS vs 0 for SAN DIEGO THUNDER. Shots for this period are 8 for KELOWNA ROCKETS vs 3 for SAN DIEGO THUNDER. 2nd period 0:01 of 2nd period - Drake Batherson wins face-off versus Vladimir Tarasenko in neutral zone. 0:23 of 2nd period - Shot by Pavel Buchnevich. 0:23 of 2nd period - Shot Misses the Net. 0:25 of 2nd period - Shot by Dmitri Orlov. 0:25 of 2nd period - Shot Misses the Net. 0:27 of 2nd period - Shot by Adam Fox. 0:27 of 2nd period - Shot Misses the Net. 0:29 of 2nd period - Shot by Pavel Buchnevich. 0:29 of 2nd period - Shot Blocked by Derek Forbort. 0:31 of 2nd period - Shot by Pavel Buchnevich. 0:31 of 2nd period - Stopped by Connor Hellebuyck with a rebound. 0:33 of 2nd period - Shot by Derek Ryan. 0:33 of 2nd period - Stopped by Connor Hellebuyck without a rebound. 0:34 of 2nd period - Joel Farabee wins face-off versus Derek Ryan in SAN DIEGO THUNDER zone. 1:03 of 2nd period - Shot by Calle Jarnkrok. 1:03 of 2nd period - Deflect By Derek Ryan. 1:03 of 2nd period - Shot Misses the Net. 1:05 of 2nd period - Shot by Derek Ryan. 1:05 of 2nd period - Goal by Derek Ryan - KELOWNA ROCKETS : 1 - SAN DIEGO THUNDER : 0. 1:06 of 2nd period - Auston Matthews wins face-off versus Drake Batherson in neutral zone. 1:20 of 2nd period - Valeri Nichushkin is hit by Connor Murphy and loses puck. 1:58 of 2nd period - Icing by Adam Fox. 1:59 of 2nd period - Auston Matthews wins face-off versus Wyatt Johnston in KELOWNA ROCKETS zone. 2:14 of 2nd period - Shot by Wyatt Johnston. 2:14 of 2nd period - Shot Blocked by Adam Fox. 2:16 of 2nd period - Shot by Charles McAvoy. 2:16 of 2nd period - Stopped by Alex Stalock with a rebound. 2:35 of 2nd period - Luke Kunin is hit by Mark Giordano and loses puck. 2:54 of 2nd period - Adam Boqvist is hit by Pavel Buchnevich. 3:10 of 2nd period - Shot by Filip Zadina. 3:10 of 2nd period - Shot Misses the Net. 3:12 of 2nd period - Shot by Isac Lundestrom. 3:12 of 2nd period - Goal by Isac Lundestrom - KELOWNA ROCKETS : 1 - SAN DIEGO THUNDER : 1. 3:13 of 2nd period - J.T. Compher wins face-off versus Drake Batherson in neutral zone. 4:11 of 2nd period - Brandon Saad is hit by Tyler Bertuzzi and loses puck. 4:33 of 2nd period - Off-side. 4:34 of 2nd period - Derek Ryan wins face-off versus Wyatt Johnston in neutral zone. 4:49 of 2nd period - Off-side. 4:50 of 2nd period - Noah Gregor wins face-off versus Aliaksei Protas in neutral zone. 4:55 of 2nd period - Shot by Noah Gregor. 4:55 of 2nd period - Deflect By Pavel Dorofeyev. 4:55 of 2nd period - Stopped by Connor Hellebuyck without a rebound. 4:56 of 2nd period - Derek Ryan wins face-off versus Drake Batherson in SAN DIEGO THUNDER zone. 4:57 of 2nd period - Shot by Calle Jarnkrok. 4:57 of 2nd period - Shot Misses the Net. 5:05 of 2nd period - Shot by Derek Ryan. 5:05 of 2nd period - Shot Misses the Net. 5:54 of 2nd period - Shot by Pavel Buchnevich. 5:54 of 2nd period - Stopped by Connor Hellebuyck with a rebound. 6:05 of 2nd period - Shot by Auston Matthews. 6:05 of 2nd period - Stopped by Connor Hellebuyck with a rebound. 6:07 of 2nd period - Shot by Auston Matthews. 6:07 of 2nd period - Shot Blocked by Connor Murphy. 6:09 of 2nd period - Shot by Anthony DeAngelo. 6:09 of 2nd period - Stopped by Connor Hellebuyck without a rebound. 6:10 of 2nd period - Tyler Bertuzzi wins face-off versus Isac Lundestrom in SAN DIEGO THUNDER zone. 6:11 of 2nd period - Shot by J.T. Compher. 6:11 of 2nd period - Shot Hit the Post. 6:13 of 2nd period - Shot by Adam Fox. 6:13 of 2nd period - Stopped by Connor Hellebuyck without a rebound. 6:14 of 2nd period - Isac Lundestrom wins face-off versus Tyler Bertuzzi in SAN DIEGO THUNDER zone. 6:56 of 2nd period - Shot by J.T. Compher. 6:56 of 2nd period - Shot Blocked by Alexandre Carrier. 7:09 of 2nd period - Off-side. 7:10 of 2nd period - Auston Matthews wins face-off versus Drake Batherson in neutral zone. 7:25 of 2nd period - Shot by Auston Matthews. 7:25 of 2nd period - Shot Blocked by Erik Cernak. 7:44 of 2nd period - Drake Batherson is hit by Dmitri Orlov and loses puck. 7:47 of 2nd period - Shot by Frank Vatrano. 7:47 of 2nd period - Stopped by Alex Stalock without a rebound. 7:48 of 2nd period - Derek Ryan wins face-off versus Wyatt Johnston in KELOWNA ROCKETS zone. 8:45 of 2nd period - Icing by Jake Neighbours. 8:46 of 2nd period - J.T. Compher wins face-off versus Aliaksei Protas in SAN DIEGO THUNDER zone. 8:53 of 2nd period - Shot by J.T. Compher. 8:53 of 2nd period - Shot Misses the Net. 8:55 of 2nd period - Shot by Adam Fox. 8:55 of 2nd period - Shot Hit the Post. 8:57 of 2nd period - Shot by J.T. Compher. 8:57 of 2nd period - Shot Misses the Net. 9:15 of 2nd period - Shot by J.T. Compher. 9:15 of 2nd period - Stopped by Connor Hellebuyck without a rebound. 9:16 of 2nd period - Isac Lundestrom wins face-off versus Auston Matthews in SAN DIEGO THUNDER zone. 9:16 of 2nd period - Isac Lundestrom is hit by Pavel Buchnevich. 9:19 of 2nd period - Icing by Charles McAvoy. 9:20 of 2nd period - Valeri Nichushkin wins face-off versus Isac Lundestrom in SAN DIEGO THUNDER zone. 9:37 of 2nd period - Shot by Charles